Cogmind - Beta 11.1 @@@ ROGUE MODE // 2022.05.31 @ 08:57:24 Player: Jamuson Result: Destroyed by G-34 Mercenary with Small Laser Performance ------------- Evolutions (0) 0 Regions Visited (1) 200 Robots Destroyed (12) 60 Value Destroyed (370) 370 Prototype IDs (0) 0 Alien Tech Used (0) 0 Bonus (0) 0 TOTAL SCORE: 630 Bonus ------- None Cogmind --------- Core Integrity 0/250 Matter 300/300 Energy 250/250 System Corruption 0% Temperature Hot (267) Movement Treading (240) Ox1 Location -10/Materials Parts ------- > --- POWER (1) -------- Ion Engine > --- PROPULSION (2) --- Light Treads Light Treads > --- UTILITY (2) ------ High-capacity Storage Unit > --- WEAPON (2) ------- Medium Laser Beam Cannon > --- INVENTORY (20) --- Light Ion Engine Wheel High-capacity Battery (250) Medium Matter Pod (100) Small Laser Mining Claw Peak State ------------ > --- POWER ------------ Ion Engine > --- PROPULSION ------- Wheel Compact Wheel > --- UTILITY ---------- Small Storage Unit High-capacity Storage Unit > --- WEAPON ----------- Medium Laser Small Laser > --- INVENTORY -------- Ion Engine Light Treads Light Treads High-capacity Battery Medium Matter Pod Small Laser Mining Claw [Rating: 7] Favorites ----------- Power Ion Engine Engine Ion Engine Propulsion Light Treads Treads Light Treads Leg Aluminum Leg Wheel Wheel Utility High-capacity Storage Unit Device Heat Sink Storage High-capacity Storage Unit Weapon Medium Laser Energy Gun Medium Laser Energy Cannon Beam Cannon Slashing Weapon Mining Claw Build | -11 -10 ------- Run | Scr Mat Slots Evolved . | . . Power . | . . Propulsion . | . . Utility . | . . Weapon . | . . Parts Attached 11 | 2 9 Power 1 | . 1 Engine 1 | . 1 Core . | . . Reactor . | . . Propulsion 4 | 2 2 Treads 2 | . 2 Leg . | . . Wheel 2 | 2 . Hover . | . . Flight . | . . Utility 2 | . 2 Device 1 | . 1 Storage 1 | . 1 Processor . | . . Hackware . | . . Protection . | . . Artifact . | . . Weapon 4 | . 4 Energy Gun 2 | . 2 Energy Cannon 1 | . 1 Ballistic Gun . | . . Ballistic Cannon . | . . Launcher . | . . Special Weapon . | . . Impact Weapon . | . . Slashing Weapon 1 | . 1 Piercing Weapon . | . . Special Melee Weapon . | . . Unidentified Prototypes . | . . Parts Lost 3 | . 3 Power 1 | . 1 Propulsion 1 | . 1 Utility 1 | . 1 Weapon . | . . Highest Loss Streak 1 | . 1 To Critical Strikes . | . . Average Slot Usage (%) 88 | . 88 Engine 12 | . 12 Treads 14 | . 14 Wheel 12 | . 12 Device 4 | . 4 Storage 14 | . 14 Energy Gun 22 | . 22 Energy Cannon 4 | . 4 Slashing Weapon 1 | . 1 Naked Turns . | . . Heaviest Build 51 | 12 51 Greatest Support 40 | 26 40 Greatest Overweight (x) 3 | . 3 Average Overweight (x) . | . . Largest Inventory Capacity 20 | 8 20 Average Capacity 16 | 8 16 Most Carried 8 | 6 8 Average Carried 6 | 4 6 Final Capacity 20 | 8 20 Final Carried 6 | 4 6 Class Distribution -------------------- 100% | Mutant Dominant Class ---------------- Mutant | -10/Materials Resources | -11 -10 ----------- Run | Scr Mat Matter Collected 395 | 206 189 Remotely . | . . Salvage Created 426 | . 426 Parts 20 | . 20 Haulers Intercepted . | . . Recyclers Shooed 3 | . 3 Parts Field Recycled . | . . Retrieved Matter . | . . Parts Self-Destructed . | . . Prevented . | . . Kills | -11 -10 ------- Run | Scr Mat Combat Hostiles Destroyed 9 | . 9 Guns 8 | . 8 Cannons 1 | . 1 Classes Destroyed 3 | . 3 Recycler 1 | . 1 Watcher 2 | . 2 Grunt 9 | . 9 Best Kill Streak 3 | . 3 Combat Bots Only 2 | . 2 Max Kills in Single Turn 1 | . 1 Gunslinging . | . . Exploded . | . . Melee . | . . Uniques/NPCs Destroyed . | . . Combat | -11 -10 -------- Run | Scr Mat Damage Taken 746 | . 746 Core 255 | . 255 Absorbed by Shields . | . . Core Remaining (%) 100 | 100 . Volleys Fired 65 | . 65 Largest 2 | . 2 Hottest 110 | . 110 Shots Fired 124 | . 124 Gun 115 | . 115 Cannon 9 | . 9 Launcher . | . . Special . | . . Kinetic . | . . Thermal 124 | . 124 Explosive . | . . Electromagnetic . | . . Robot Hit Streak 12 | . 12 Robot Miss Streak 5 | . 5 Penetration Max . | . . Secondary Targets . | . . Shots Hit Robots 80 | . 80 Core Hits 25 | . 25 Critical Kills . | . . Critical Parts Destroyed . | . . Critical Strikes 2 | . 2 Burn 2 | . 2 Melee Attacks 7 | . 7 Impact . | . . Slashing 7 | . 7 Piercing . | . . Sneak Attacks 1 | . 1 Combat Hostiles . | . . Follow-up Attacks . | . . Damage Inflicted 1076 | . 1076 Guns 920 | . 920 Cannons 88 | . 88 Explosions . | . . Melee 68 | . 68 Ramming . | . . Kinetic . | . . Thermal 1008 | . 1008 Explosive . | . . Electromagnetic . | . . Impact . | . . Slashing 68 | . 68 Piercing . | . . Highest Corruption . | . . Average Corruption . | . . Corruption Purged . | . . Corruption Blocked . | . . Overload Shots . | . . Overflow Damage 4 | . 4 Projectiles . | . . Explosions . | . . Melee 4 | . 4 Knockbacks . | . . Impact . | . . Kinetic . | . . Secondary . | . . Self-Inflicted Damage . | . . Shots . | . . Rammed . | . . Targets Rammed . | . . Kicked . | . . Crushed . | . . Highest Temperature 333 | . 333 Average Temperature 103 | . 103 Received Heat Transfer 411 | . 411 Effects 3 | . 3 Shutdowns 1 | . 1 Interference 1 | . 1 Short Circuit 1 | . 1 Siege Activations . | . . Robots Corrupted . | . . Combat Hostiles . | . . Parts Fried . | . . Impact Corruptions . | . . Robots Melted . | . . Combat Hostiles . | . . Parts Melted 7 | . 7 Heat Transferred 2774 | . 2774 Parts Sabotaged . | . . Parts Stolen . | . . Parts Stripped . | . . Power Chain Reactions . | . . Missiles Intercepted . | . . Alert | -11 -10 ------- Run | Scr Mat Peak Influence 172 | . 172 Initial . | . . Average 68 | . 69 Maximum Alert Level . | . . Low Security (%) 100 | 100 100 Level 1 . | . . Level 2 . | . . Level 3 . | . . Level 4 . | . . Level 5 . | . . High Security . | . . Max Security . | . . Squads Dispatched 3 | . 3 Investigation 1 | . 1 Extermination . | . . Reinforcement 2 | . 2 Assault . | . . Garrison . | . . Intercept . | . . Searches Triggered . | . . Construction Impeded . | . . Haulers Reinforced . | . . Active Scanning Responses . | . . Cargo Convoy Interrupts . | . . Stealth | -11 -10 --------- Run | Scr Mat Distress Signals 1 | . 1 Communications Jammed . | . . Distress Signals . | . . Times Spotted 25 | . 25 Peak Tracking Total 3 | . 3 Tactical Retreats . | . . Traps | -11 -10 ------- Run | Scr Mat Traps Triggered . | . . Indirectly . | . . Trap Hack Attempts . | . . Triggered . | . . Disarmed . | . . Reprogrammed . | . . Reused . | . . Traps Extracted . | . . Installed . | . . Triggered . | . . Machines | -11 -10 ---------- Run | Scr Mat Machines Disabled . | . . Max in Single Turn . | . . Machines Sabotaged . | . . Garrisons Compromised . | . . Overloaded Fab Kills . | . . Hacking | -11 -10 --------- Run | Scr Mat Machines Accessed 3 | . 3 Terminals 3 | . 3 Fabricators . | . . Repair Stations . | . . Recycling Units . | . . Scanalyzers . | . . Garrison Access . | . . Total Hacks 11 | . 11 Successful 7 | . 7 Failed 4 | . 4 Catastrophic . | . . Database Lockouts . | . . Manual 11 | . 11 Terminals 11 | . 11 Fabricators . | . . Repair Stations . | . . Recycling Units . | . . Scanalyzers . | . . Garrison Access . | . . Terminal Hacks 3 | . 3 Robot Analysis 1 | . 1 Terminal Index 1 | . 1 Zone Layout 1 | . 1 Fabricator Hacks . | . . Repair Station Hacks . | . . Recycling Unit Hacks . | . . Scanalyzer . | . . Garrison Access Hacks . | . . Unauthorized Hacks 4 | . 4 Terminals 4 | . 4 Botnet 3 | . 3 Operators 1 | . 1 Fabricators . | . . Repair Stations . | . . Recycling Units . | . . Scanalyzers . | . . Garrison Access . | . . Data Cores Recovered . | . . Used . | . . Hacking Detections 3 | . 3 Full Trace Events 1 | . 1 Feedback Events . | . . Feedback Blocked . | . . Robot Schematics Acquired . | . . Robots Built . | . . Authchips . | . . Time . | . . Total Robot Build Rating . | . . Part Schematics Acquired . | . . Parts Built . | . . Authchips . | . . Time . | . . Total Part Build Rating . | . . Parts Repaired . | . . Time . | . . Parts Recycled . | . . Recycled Matter . | . . Retrieved Matter . | . . Retrieved Components . | . . Parts Scanalyzed . | . . Part Schematics Acquired . | . . Parts Damaged . | . . Bothacking | -11 -10 ------------ Run | Scr Mat Used RIF Installer . | . . Robots Hacked . | . . Non-combat . | . . Combat . | . . Robot Hacks Applied . | . . Relay Couplers Released . | . . Fabnet Peak Effective % . | . . Robots Rewired . | . . Allies Hacked . | . . Hacks Repelled . | . . Allies | -11 -10 -------- Run | Scr Mat Total Allies . | . . Largest Group . | . . Highest-Rated Group . | . . Highest-Rated Ally . | . . Total Orders . | . . Ally Attacks . | . . Total Damage . | . . Kills . | . . Allies Corrupted . | . . Allies Melted . | . . Intel | -11 -10 ------- Run | Scr Mat Robot Analysis Total 1 | . 1 Derelict Logs Recovered . | . . Drone Launches . | . . Drone Recoveries . | . . Exploration | -11 -10 ------------- Run | Scr Mat Turns Passed 793 | 9 784 Spaces Moved 321 | 7 314 Core . | . . Treads 124 | . 124 Legs . | . . Wheels 197 | 7 190 Hover . | . . Flight . | . . Fastest Speed 90 | 90 90 Average Speed 155 | 90 157 Slowest Speed 320 | 90 320 Overloaded Moves . | . . Propulsion Burnouts . | . . Robots Hopped . | . . Cave-ins Triggered . | . . Exploration Rate (%) 26 | 3 50 Regions Visited 1 Branch Regions . Pre-discovered Areas . | . . Known Exits Taken . | . . Unknown Exits Taken 1 | 1 . Scrap Searched . | . . Spaces Dug 2 | . 2 Terrain Destroyed 2 | . 2 Melee 2 | . 2 Projectile . | . . AOE . | . . Terrain Rammed . | . . Walls Destroyed . | . . Machines Disabled . | . . Actions | -11 -10 --------- Run | Scr Mat Total 476 | 10 466 Wait 61 | . 61 Move 320 | 6 314 Hop . | . . Pick Up 5 | . 5 Fast Attach 3 | . 3 Attach 6 | 2 4 Detach 2 | . 2 Swap 2 | . 2 Drop 5 | 2 3 Fire 65 | . 65 Melee 7 | . 7 Ram . | . . Kick . | . . Crush . | . . Escape Stasis . | . . Rewire . | . . Trap . | . . Miscellaneous . | . . Route ------- -11/Scrapyard -10/Materials (discovered 2 exits: [*Mat x2]) History --------- Turn | Location | Event 5 | -11/Scrapyard | Discovered new exit (range 3) 10 | -11/Scrapyard | Entered Materials 307 | -10/Materials | Build established: Mutant 354 | -10/Materials | Core integrity fell below 50% 513 | -10/Materials | Discovered new exit (range 3) 575 | -10/Materials | Core integrity fell below 20% 658 | -10/Materials | Discovered new exit (range 10) 794 | -10/Materials | Destroyed by G-34 Mercenary with Small Laser Last Messages --------------- 00580_ Aluminum Leg melted. 00580_ Heat Sink melted. 00580_ G-34 Mercenary destroyed. 00581_ Heat Sink destroyed. 00583_ G-47 Trooper suffers critical hit (Burn). 00586_ Particle Gun melted. 00586_ Lgt. Nuclear Core melted. 00586_ G-47 Trooper destroyed. 00589_ Acquired 5 matter. 00594_ U-05 Engineer builds a Door. 00658_ Connecting with Terminal... >>Trojan(Botnet) Trojan loaded successfully. Testing... Terminal linked with 2 systems. Awaiting botnet instructions. 00658_ EXIT=FOUND >>Layout(Zone) Retrieving Zone 7S layout... Downloaded map data. Map ----- +----------------------------------------------------+ | + / #????????????????????????????? | | #+##### #######????????????????????????????? | | #???# # #????????????????????????????? | | #???# ! #????????????????????????????? | | | ##### #????????????????????????????? | | + #????????????????????????????? | | #####+####### #????????????????????????????? | | # #?##o ########??????????????????????? | | # #??# # #??????????????????????? | | # #### # """ #??????????????????????? | | # #""" + "T" #??????????????????????? | | ### #"R # # + # # | | ??# #""" ######## # # # | | ??# #### ######## # # + | | ??# #??# # # # # # | | ??#+#########??# # # # ? "T" # | | ??# #??????????# # # #######+##### # | | ??# #??????????# + ! [# # ### ############ | | ### ###????????# # ![[# # ## | | # #????????# # ![[# "" ## < | | #????????# ######## Y" ## | | T +????????# ### #??# "" ## ########### | | #????????# #??##??# # ## ########### | | # #????????# #??????# # ## # # | | ## ##????????#% ######## g ##+### # # | | ?# #?#####???# ak t @ g # "" # | | ?# #?#"""#???# # "T # | | ?# ###"T"##### w # "" # | | ?# ####""T""############ #### | | ?# #??#"""""#??????????####+###### | | ?# #??#######???????????# | | ?###### ###################### | | ??????# | | ??????# % o ############+###### | | ??????# %% #????????# #?? | | ??????####+########### ##### #????????# """ #?? | | ???????# % #??#####+##### #????????# """ #?? | | ???????# #??# # ########## """ #?? | | ???????# """ #??# # # """ # #?? | | ???????# """ #??# """"""" # # "Y" # #?# | | ???????# """ #??# """"""" # # ########?# | | ???????# #??# """"""" # # #????????# | | ???????########??# """"""" + %+% #????????? | | ?????????????????# """"""" # # """ #????????? | | ??????????????????? # < # """ #????????? | | ???????????????????######### # """ #????????? | | ???????????????????????????## # #????????? | | ????????????????????????????# ##########????????? | | ????????????????????????????# #?????????????????? | | ????????????????????????????# #?????????????????? | +----------------------------------------------------+ Best States ------------- Heat Dissipation 35 Energy Generation 10 Energy Capacity 250 Matter Stores 300 Matter Capacity 300 Sight Range 16 Terrain Scan Density 10 Evasion (%) 42 Recoil Reduction 2 Item Schematics ----------------- None Robot Schematics ------------------ None Fabricated ------------ Nothing Alien Tech Used ----------------- None Achievements -------------- None Challenges ------------ None Game ------ Seed HackingTargetShield Manual? 0 Play Time 00:07:52 Cumulative 208.6 hours Start 2022.05.31 @ 08:49:18 End 2022.05.31 @ 08:57:24 Sessions 1 Manual Loads 0 Difficulty Rogue Special Mode None Game No. 94 Rogue 87 Adventurer 0 Explorer 7 Win Type - Total 1 Types 0/0/1/0/0/0/0/0/0 Lore% 62 Gallery% 60 Achievement% 50 Wizard Run 0 Options --------- ASCII 0 Keyboard 0 Movement Mouse Keybinds 0 Fullscreen 1 Font 16/Cog Map View 76x50 Tactical HUD 1 Map Filters NONE Filters NONE Steam 1 RUN: 1853221d-723a-4655-a322-3b6386289401